 Dungeon Crawl Stone Soup version 0.23-a0-183-gf37f6fb (webtiles) character file.

6242 EvilAliv3 the Conjurer (level 10, -3/79 HPs)
             Began as a Demonspawn Wanderer on Sept 22, 2018.
             Shot with a bolt by an orc warrior (23 damage)
             ... while paralysed
             ... in a bailey on Sept 23, 2018.
             The game lasted 01:15:56 (10370 turns).

EvilAliv3 the Conjurer (Demonspawn Wanderer)       Turns: 10370, Time: 01:15:56

Health: -3/79      AC: 18    Str: 13    XL:     10   Next: 62%
Magic:  28/31      EV:  2    Int: 25    God:
Gold:   494        SH:  0    Dex: 16    Spells: 19/24 levels left

rFire    + . .     SeeInvis .   i - +3 falchion (elec)
rCold    . . .     Gourm    .   b - +0 buckler
rNeg     . . .     Faith    +   W - +2 ring mail {rF+}
rPois    .         Spirit   .   Z - +3 hat of Pondering {ponderous, MR+ MP+10 Int+5}
rElec    .         Reflect  .   B - +2 cloak
rCorr    .         Harm     .   y - +0 pair of gloves {Str+3}
MR       +....                  D - +0 pair of boots
Stlth    +.........             e - amulet of faith
HPRegen  0.23/turn              l - +4 ring of intelligence
MPRegen  0.22/turn              U - ring of wizardry

@: paralysed, berserk cooldown, slowed, slow
A: hooves 1, yellow scales 2, demonic guardian 1, spiny 2
a: no special abilities


You were in a bailey.
You were hungry.

You visited 2 branches of the dungeon, and saw 11 of its levels.
You also visited: Bailey.

You collected 494 gold pieces.

Inventory:

Hand Weapons
 i - a +3 falchion of electrocution (weapon)
Missiles
 L - a tomahawk (quivered)
Armour
 a - a +1 helmet
 b - a +0 buckler (worn)
 t - a +0 plate armour
 y - a +0 pair of gloves of strength (worn)
 B - a +2 cloak (worn)
 D - a +0 pair of boots (worn)
 R - a +0 ring mail of poison resistance
 W - a +2 ring mail of fire resistance (worn)
 Z - the +3 hat of Pondering (worn) {ponderous, MR+ MP+10 Int+5}
   (You took it off Gastronok on level 9 of the Dungeon)

   It affects your intelligence (+5).
   It affects your resistance to hostile enchantments.
   It affects your magic capacity (+10).
Jewellery
 e - an amulet of faith (around neck)
 l - a +4 ring of intelligence (left hand)
 p - an uncursed ring of positive energy
 v - an uncursed ring of protection from cold
 U - a ring of wizardry (right hand)
Wands
 H - a wand of random effects (72)
 J - a wand of acid (5)
 N - a wand of flame (31)
 O - a wand of disintegration (14)
 P - a wand of iceblast (10)
 S - a wand of digging (5)
Scrolls
 f - 2 scrolls of amnesia
 j - 3 scrolls of enchant weapon
 k - 2 scrolls of blinking
 m - 3 scrolls of teleportation
 o - 3 scrolls of enchant armour
 q - a scroll of immolation
 r - a scroll of fog {unknown}
 s - 4 scrolls of remove curse
 C - a scroll of vulnerability {unknown}
 F - a scroll of holy word {unknown}
 K - a scroll of acquirement
 M - a scroll of brand weapon
 T - a scroll of random uselessness {unknown}
Potions
 c - 2 potions of berserk rage
 g - 4 potions of agility
 h - 3 potions of heal wounds
 n - 2 potions of mutation
 u - 2 potions of ambrosia {unknown}
 A - 3 potions of lignification
 E - a potion of curing {unknown}
 G - 2 potions of flight {unknown}
 I - 2 potions of haste {unknown}
 Y - a potion of resistance {unknown}
Comestibles
 d - 19 rations
 w - 5 chunks of flesh


   Skills:
 * Level 7.1 Fighting
 - Level 5.1 Long Blades
 - Level 1.0 Stealth
 - Level 4.0 Shields
 + Level 7.7 Spellcasting
 + Level 7.9 Conjurations
 + Level 7.0 Hexes
   Level 1.0 Earth Magic
 - Level 1.0 Evocations


You had 19 spell levels left.
You knew the following spells:

 Your Spells              Type           Power        Failure   Level  Hunger
a - Magic Dart            Conj           ####         1%          1    None
b - Slow                  Hex            #####...     1%          2    None
c - Blink                 Tloc           N/A          9%          2    None

Your spell library contained the following spells:

 Spells                   Type           Power        Failure   Level  Hunger
 Corona                   Hex            #####..      1%          1    None
 Conjure Flame            Conj/Fire      ####....     3%          3    None
 Cause Fear               Hex            #####.....   3%          4    ##.....
 Inner Flame              Hex/Fire       ####....     4%          3    None
 Portal Projectile        Hex/Tloc       ####..       4%          3    None
 Mephitic Cloud           Conj/Pois/Air  ###.....     6%          3    None
 Call Imp                 Summ           #.......     9%          2    None
 Leda's Liquefaction      Hex/Erth       ####......   11%         4    ##.....


Dungeon Overview and Level Annotations

Branches:
Dungeon (10/15)            Temple (1/1) D:6            Lair (0/6) D:10
    Orc (0/2) D:9

Altars:
Ashenzari
Cheibriados
Dithmenos
Elyvilon
Fedhas
Gozag
Hepliaklqana
Kikubaaqudgha
Makhleb
Nemelex Xobeh
Okawaru
Qazlal
Ru
Sif Muna
Trog
Uskayaw
Vehumet
Wu Jian
Xom
Yredelemnul
Zin
The Shining One

Annotations:
D:6 Menkaure


Innate Abilities, Weirdness & Mutations

You have large cloven feet.
You are mostly covered in yellow scales. (AC +3)
A weak demonic guardian rushes to your aid.
You are mostly covered in sharp spines.


Message History

You slash the orc warrior!
You kill the orc warrior!
The orc warrior shoots a bolt.
The bolt hits you but does no damage.
The orc warrior is struck by your spines.
The orc warrior barely misses you.
There is an empty arch of ancient stone here.
You see here a bolt.
You slash the orc warrior!
The orc warrior is almost dead.
The orc warrior shoots a bolt.
You block the bolt.
You closely miss the orc warrior.
The orc warrior is almost dead.
The orc warrior hits you with a halberd!!
* * * LOW HITPOINT WARNING * * *
You hit the orc warrior.
You kill the orc warrior!
You are no longer berserk.
You pass out from exhaustion.
You feel yourself slow down.
The orc warrior shoots a bolt.
The bolt hits you!!
You die...

### ##∩## #.@(#
#)((#
≈o≈≈.(.()).≈≈o≈≈
.oo≈.......≈oo.≈
≈o≈≈.o.....≈≈o≈≈
≈≈≈..#...#..≈≈≈.
....##...##.....
#### ##∩## #####
###


You could see 3 orc warriors and 2 orcs.

Vanquished Creatures
  A hornet (D:8)
  A wyvern (D:9)
  2 yaks (D:9)
  3 humans
  A hog (D:9)
  Edmund (D:6)
  Duvessa (D:7)
  2 sky beasts
  2 ice beasts
  9 orc warriors
  A necrophage (D:9)
  3 ogres
  3 centaurs
  3 bullfrogs
  A gnoll sergeant (D:7)
  A crimson imp (D:5)
  5 orc priests
  Crazy Yiuf (D:7)
  A centaur skeleton (D:9)
  5 hounds
  An iguana (D:9)
  6 worker ants
  10 orc wizards
  A hound skeleton (D:5)
  2 hound zombies
  A howler monkey zombie (D:6)
  6 gnolls (D:7)
  A howler monkey skeleton (D:5)
  2 adders
  4 shadow imps
  An ooze (D:1)
  2 adder zombies
  A worm (D:3)
  A dart slug (D:5)
  2 leopard geckos
  36 orcs
  A ball python (D:1)
  9 bats
  10 giant cockroaches
  5 goblins
  5 hobgoblins
  6 kobolds
  3 quokkas
  5 frilled lizards
  A giant cockroach zombie (D:6)
  A leopard gecko skeleton (D:4)
  10 rats
180 creatures vanquished.

Vanquished Creatures (collateral kills)
  Gastronok (D:9)
  Maurice (D:8)
  A hog (D:9)
  2 orc warriors
  An ice beast (D:2)
  An ogre (D:3)
  A scorpion (D:3)
  Dowan (D:7)
  An orc priest (D:9)
  An orc wizard (D:2)
  2 gnolls (D:7)
  2 orcs
15 creatures vanquished.

Grand Total: 195 creatures vanquished

Notes
Turn   | Place    | Note
-------+----------+-------------------------------------------
     0 | D:1      | EvilAliv3 the Demonspawn Wanderer began the quest for the
                  | Orb.
     0 | D:1      | EvilAliv3 set off with: a +0 robe, a +0 dagger, a ration
     0 | D:1      | Reached XP level 1. HP: 13/13 MP: 5/5
     2 | D:1      | Learned a level 1 spell: Magic Dart
    49 | D:1      | Reached skill level 1 in Conjurations
   120 | D:1      | Gained mutation: You are partially covered in sharp spines.
                  | [demonic ancestry]
   120 | D:1      | Reached XP level 2. HP: 10/20 MP: 4/7
   152 | D:1      | Learned a level 2 spell: Slow
   730 | D:1      | Reached skill level 1 in Fighting
   970 | D:1      | Gained mutation: A weak demonic guardian rushes to your
                  | aid. [demonic ancestry]
   970 | D:1      | Reached XP level 3. HP: 10/26 MP: 1/8
  1403 | D:1      | Learned a level 2 spell: Blink
  1578 | D:2      | Noticed an orc warrior
  1864 | D:2      | Noticed an ice beast
  1943 | D:2      | Gained mutation: You are partially covered in yellow
                  | scales. (AC +2) [demonic ancestry]
  1943 | D:2      | Reached XP level 4. HP: 3/32 MP: 5/10
  2458 | D:2      | Found a glowing golden altar of the Shining One.
  2564 | D:3      | Found a basalt altar of Yredelemnul.
  2703 | D:3      | Found a deep blue altar of Sif Muna.
  3307 | D:3      | Found a shadowy altar of Dithmenos.
  3307 | D:3      | Found an ornate altar of the Wu Jian Council.
  3670 | D:2      | Killed an ice beast
  3670 | D:2      | Reached XP level 5. HP: 39/39 MP: 6/12
  3816 | D:2      | Killed an orc warrior
  3816 | D:2      | Gained mutation: You are mostly covered in yellow scales.
                  | (AC +3) [demonic ancestry]
  3816 | D:2      | Reached XP level 6. HP: 35/46 MP: 1/13
  4444 | D:4      | HP: 2/46 [ogre/giant club (24)]
  4452 | D:4      | Reached skill level 5 in Spellcasting
  4825 | D:4      | Reached skill level 1 in Shields
  4853 | D:4      | Found a hazy altar of Hepliaklqana.
  4914 | D:4      | Reached skill level 1 in Long Blades
  4914 | D:4      | Reached XP level 7. HP: 52/52 MP: 6/14
  5420 | D:5      | Entered Level 5 of the Dungeon
  5638 | D:5      | Reached skill level 5 in Conjurations
  5820 | D:5      | Found a sparkling altar of Nemelex Xobeh.
  5869 | D:5      | Found a shimmering altar of Xom.
  5911 | D:5      | Got a pitted whip
  6352 | D:6      | Found a staircase to the Ecumenical Temple.
  6358 | Temple   | Entered the Ecumenical Temple
  6652 | D:6      | Noticed Edmund
  6663 | D:6      | Killed Edmund
  6663 | D:6      | Gained mutation: You have large cloven feet. [demonic
                  | ancestry]
  6663 | D:6      | Reached XP level 8. HP: 60/60 MP: 7/16
  6813 | D:6      | Noticed Menkaure
  7062 | D:6      | Noticed a two-headed ogre
  7084 | D:7      | Noticed Duvessa
  7084 | D:7      | Noticed Dowan
  7141 | D:7      | Identified the +10 whip of Compulsion {holy, rF+ Str+8
                  | Int-2 Stlth-} (You found it on level 5 of the Dungeon)
  7155 | D:7      | Found a runed door.
  7159 | D:7      | Noticed Crazy Yiuf
  7167 | D:7      | Killed Crazy Yiuf
  7717 | D:7      | Reached XP level 9. HP: 66/66 MP: 14/18
  7932 | D:7      | Killed Dowan
  8095 | D:7      | Killed Duvessa
  8095 | D:7      | Reached skill level 5 in Fighting
  8095 | D:7      | Reached skill level 5 in Hexes
  8300 | D:7      | Found an iron altar of Okawaru.
  8361 | D:8      | Noticed Maurice
  8378 | D:8      | Reached skill level 5 in Long Blades
  8380 | D:8      | Killed Maurice
  8552 | D:8      | Found a snail-covered altar of Cheibriados.
  9398 | D:9      | Noticed Gastronok
  9500 | D:9      | Gained mutation: You are mostly covered in sharp spines.
                  | [demonic ancestry]
  9500 | D:9      | Reached XP level 10. HP: 38/76 MP: 20/20
  9696 | D:9      | Identified 2 scrolls of acquirement
  9893 | D:9      | Found a staircase to the Orcish Mines.
 10064 | D:9      | Found an opulent altar of Gozag.
 10064 | D:9      | Found an ancient bone altar of Kikubaaqudgha.
 10131 | D:9      | Killed Gastronok
 10266 | D:10     | Entered Level 10 of the Dungeon
 10266 | D:10     | Noticed a two-headed ogre
 10337 | D:10     | Found a flagged portal.
 10346 | Bailey   | Entered a bailey
 10346 | Bailey   | Noticed an orc knight
 10370 | Bailey   | Shot with a bolt by an orc warrior

Vault maps used:
D:1:      lightli_arrival_chessboard, minmay_pentomino_t2
D:2:      nicolae_overflow_hidden_temple
D:3:      lemuel_coloured_pillars_altar, nicolae_overflow_crystal_walls,
          gammafunk_temple_overflow_wave, first_ration
D:4:      kennysheep_mini
D:5:      xom_teletrap_fun, nemelex_xobeh_ov_fountains_minmay, serial_glass,
          glass_columns_b, glass_columns_b, glass_columns_a, glass_columns_a
D:6:      minmay_temple_entry_hall, uniq_menkaure, uniq_edmund
D:7:      okawaru_humans, uniq_duvessa, uniq_crazy_yiuf_cottage
D:8:      old_standard_altar, uniq_maurice
D:9:      gammafunk_temple_overflow_pools, david_orc_4, grunt_livestock,
          uniq_gastronok
D:10:     minmay_lair_entry_grove, enter_bailey_2, serial_column_ruins,
          column_ruins_square_small, column_ruins_hut_pillars,
          column_ruins_columns_T, column_ruins_columns_corner,
          column_ruins_columns_corner, column_ruins_corridor_straight
Temple:   grunt_temple_mini_profane
Bailey:   bailey_polearm_4, bailey

Skill      XL: |  1  2  3  4  5  6  7  8  9 10 |
---------------+-------------------------------+-----
Conjurations   | 1 2 3 4 5 7 |  7.9
Fighting       | 1 2 3 4 6 7 |  7.1
Spellcasting   | 5 6 7 |  7.7
Shields        | 1 2 3 4 |  4.0
Long Blades    | 1 2 4 5 |  5.1
Hexes          | 4 6 7 |  7.0
Stealth        | |  1.0
Earth Magic    | |  1.0
Evocations     | |  1.0

Action                   |  1- 3 |  4- 6 |  7- 9 | 10-12 || total
-------------------------+-------+-------+-------+-------++-------
Melee: Dagger            |    26 |       |       |       ||    26
       Short sword       |    11 |     3 |       |       ||    14
       Falchion          |       |    26 |   212 |    71 ||   309
 Cast: Magic Dart        |    68 |    47 |   136 |    53 ||   304
       Slow              |     1 |    13 |    31 |     6 ||    51
  Use: Scroll            |     4 |       |    12 |     4 ||    20
       Potion            |       |       |       |     1 ||     1
 Stab: Sleeping          |     1 |     1 |     1 |       ||     3
       Distracted        |       |       |     1 |     1 ||     2
  Eat: Chunk             |     2 |     3 |    14 |     3 ||    22
       Ration            |       |     2 |       |       ||     2
Armor: Robe              |    11 |     6 |       |       ||    17
       Ring mail         |       |     2 |    21 |    22 ||    45
       Leather armour    |       |     1 |    66 |       ||    67
Dodge: Dodged            |    28 |    11 |    88 |    28 ||   155
Block: Buckler           |       |     2 |    43 |    15 ||    60
       Rpst.: Falchion   |       |     4 |    27 |     6 ||    37

Table legend:
 A = Non-vault XP
 B = Vault XP
 C = Vault XP percentage of total XP
 D = Non-vault monster count
 E = Vault monster count
 F = Vault count percentage of total count
                 A         B        C        D         E       F
            +---------+---------+-------+---------+---------+-------
      Total |    4219 |    4699 |  52.7 |     158 |      37 |  19.0
            +---------+---------+-------+---------+---------+-------
        D:1 |      47 |       2 |   4.1 |      25 |       2 |   7.4
        D:2 |     261 |       0 |   0.0 |      19 |       0 |   0.0
        D:3 |     173 |       0 |   0.0 |      18 |       0 |   0.0
        D:4 |     422 |       0 |   0.0 |      13 |       0 |   0.0
        D:5 |     416 |       0 |   0.0 |      22 |       0 |   0.0
        D:6 |     168 |     143 |  46.0 |       5 |       1 |  16.7
        D:7 |    1375 |     606 |  30.6 |      37 |       5 |  11.9
        D:8 |     599 |     371 |  38.2 |       6 |       1 |  14.3
        D:9 |     580 |    3244 |  84.8 |       7 |      25 |  78.1
       D:10 |     178 |       0 |   0.0 |       6 |       0 |   0.0
     Bailey |       0 |     333 | 100.0 |       0 |       3 | 100.0
            +---------+---------+-------+---------+---------+-------
